 Dungeon Crawl Stone Soup version 0.20-a0-820-g557356e (webtiles) character file.

131 Gorice the Skirmisher (level 5, -1/49 HPs)
             Began as a Kobold Wanderer on Mar 4, 2017.
             Slain by Natasha (8 damage)
             ... on level 2 of the Dungeon.
             The game lasted 00:06:47 (3422 turns).

Gorice the Skirmisher (Kobold Wanderer)             Turns: 3422, Time: 00:06:48

Health: -1/49      AC: 22    Str: 19    XL:     5   Next: 37%
Magic:  8/8        EV:  3    Int: 13    God:
Gold:   90         SH:  0    Dex: 11    Spells: 8/8 levels left

rFire    . . .     SeeInvis .   a - +0 mace
rCold    . . .     Gourm    .   (armour currently unavailable)
rNeg     + + +     Faith    .   (shield restricted)
rPois    +         Spirit   .   (helmet currently unavailable)
rElec    .         Reflect  .   (cloak currently unavailable)
rCorr    .         Harm     .   (gloves currently unavailable)
MR       .....     NoTele   +   (boots currently unavailable)
Stlth    ++........             (no amulet)
Regen    0.2/turn               (no ring)
MPRegen  0.2/turn               (no ring)

@: mighty, tree-form
A: carnivore 3
a: no special abilities


You were on level 2 of the Dungeon.
You were very full.
You were a tree.
You visited 1 branch of the dungeon, and saw 2 of its levels.

You collected 90 gold pieces.

Inventory:

Hand Weapons
 a - a +0 mace (weapon)
 d - a +0 club
 j - a +0 hunting sling
 p - a +2 hand axe of electrocution
   (You found it on level 2 of the Dungeon)
Missiles
 Z - 38 stones (quivered)
Armour
 g - a +2 scale mail (melded)
 h - a cursed +0 robe
Wands
 q - a wand of random effects (11/48)
Scrolls
 i - 2 scrolls of fog
 r - a scroll of identify {unknown}
 s - a scroll of remove curse {unknown}
 t - a scroll of teleportation {unknown}
Potions
 c - a potion of lignification {!q}
 e - 2 potions of curing {unknown}
 k - 3 potions of heal wounds {unknown}
 l - a potion of degeneration {unknown}
 m - a potion of invisibility {unknown}
 n - a potion of cancellation {unknown}
 u - a potion of flight {unknown}
Books
 b - the Guide on the Blaze

   Spells                             Type                      Level
   a - Flame Tongue                   Conjuration/Fire             1
   b - Conjure Flame                  Conjuration/Fire             3
Comestibles
 f - 4 meat rations {!e}
 w - a royal jelly


   Skills:
 * Level 4.2 Fighting
   Level 2.4 Crossbows
 + Level 2.2 Armour
 - Level 1.3 Stealth
 - Level 2.1 Spellcasting
   Level 2.4 Charms
 - Level 1.2 Evocations


You had 8 spell levels left.
You didn't know any spells.

Dungeon Overview and Level Annotations

Branches:
Dungeon (2/15)

Altars:

Annotations:
D:2 Natasha


Innate Abilities, Weirdness & Mutations

You are small and have problems with some larger weapons.
You are carnivorous and can eat meat at any time.


Message History

You hit Natasha.
You kill Natasha!
Natasha growls in agony!
You see here the felid corpse of Natasha.
You butcher the felid corpse of Natasha.
v - a chunk of flesh
There is a stone staircase leading up here.
You start resting.
Eating a chunk of flesh.
You eat the chunk of flesh.
This raw flesh tastes great.
HP restored.
Natasha, Servant of Life and Death comes into view.
Natasha hisses angrily.
Natasha casts a spell at you. You resist with some effort.
You closely miss Natasha.
Natasha drinks a potion.
Natasha seems to grow stronger.
You closely miss Natasha.
Natasha wildly gestures.
Natasha glows brightly for a moment.
Natasha claws you. Natasha closely misses you.
Damage: 5 (max 5)
You barely miss Natasha. Natasha casts a spell at you. The magic dart hits you!
Damage: 9 (max 9) Unknown command.
Evoke which item? (* to show all) (? for menu, Esc to quit)
Aiming: Random Effects (will waste charges)
Press: ? - help, Shift-Dir - straight line, f - Natasha
Aim: Natasha (unusually strong)
The fireball explodes!
The fireball engulfs Natasha.
Natasha is heavily wounded.
The fireball engulfs you!
* * * LOW HITPOINT WARNING * * *
Evoking this partially-identified wand wasted a few charges.
Natasha claws you!
* * * LOW HITPOINT WARNING * * *
Damage: 15 (max 15) Natasha closely misses you.
Unknown command.
Really quaff
c - 2 potions of lignification {!q}?
You turn into a tree.
Your +2 scale mail melds into your body.
Your roots penetrate the ground.
Natasha claws you but does no damage.
Unknown command.
Really quaff
o - a potion of might {!q}?
You feel very mighty all of a sudden.
Natasha hisses.
Natasha claws you!
You die...

####.....##...#..#...#.#...#.#
#................###.#.#####.#
.....>...........#...........#
.................#..........##
.......####......#.########.#
..........#......#........#.#
..........#......#.####.###.#
..........#......#.# #.# #.#
..........###+##♣#.# #.# #.#
....##.........#h#.####.# #.#
......####.....#........#
#.##### ...<..#
#.....###.###### #......
......# #.....'.......#
####### ......#
#.....###.###.#
......####.......#.# #.#
...................# #.#
.........###.#.....# #.#


You could see Natasha.

Vanquished Creatures
  Natasha (twice) (D:2)
  4 adders
  An ooze (D:2)
  A dart slug (D:1)
  3 leopard geckos (D:2)
  4 goblins
  3 hobgoblins (D:1)
  4 jackals (D:1)
  3 ball pythons
  4 bats (D:1)
  3 frilled lizards
  4 kobolds
  4 rats
40 creatures vanquished.

Notes
Turn   | Place    | Note
-------+----------+-------------------------------------------
     0 | D:1      | Gorice the Kobold Wanderer began the quest for the Orb.
     0 | D:1      | Gorice set off with: a +2 scale mail, the Guide on the Blaze, a potion of lignification {!q}, a +0 club, a meat ration {!e}
     0 | D:1      | Reached XP level 1. HP: 10/10 MP: 3/3
     0 | D:1      | Identified the Guide on the Blaze
   400 | D:1      | Reached skill level 1 in Fighting
   405 | D:1      | Reached XP level 2. HP: 10/16 MP: 5/5
  1036 | D:1      | Reached skill level 2 in Fighting
  1686 | D:1      | Reached XP level 3. HP: 19/21 MP: 6/6
  2278 | D:2      | Reached skill level 3 in Fighting
  2278 | D:2      | Reached XP level 4. HP: 15/28 MP: 7/7
  2842 | D:2      | Noticed Natasha
  2845 | D:2      | Killed Natasha
  2983 | D:2      | Reached skill level 2 in Armour
  2983 | D:2      | Reached XP level 5. HP: 21/33 MP: 8/8
  3260 | D:2      | Reached skill level 4 in Fighting
  3286 | D:2      | Noticed Natasha
  3302 | D:2      | Killed Natasha
  3414 | D:2      | Noticed Natasha
  3419 | D:2      | HP: 4/33 [Natasha (8)]
  3422 | D:2      | Slain by Natasha

Vault maps used:
D:1:      eino_arrival_cavern_a, hangedman_glass_teeth
D:2:      lemuel_coloured_pillars_altar, serial_curves, eino_curves_03,
          eino_curves_04, uniq_natasha

Skill      XL: |  1  2  3  4  5 |
---------------+----------------+-----
Fighting       | 1 2 3 4 |  4.2
Armour         | 2 |  2.2
Crossbows      | |  2.4
Stealth        | |  1.3
Spellcasting   | |  2.1
Charms         | |  2.4
Evocations     | |  1.2

Action                   |  1- 3 |  4- 6 || total
-------------------------+-------+-------++-------
Melee: Club              |    32 |       ||    32
       Mace              |   155 |    43 ||   198
Throw: Stone             |     7 |     7 ||    14
Evoke: Wand              |       |     4 ||     4
  Use: Scroll            |     1 |       ||     1
       Potion            |       |     2 ||     2
  Eat: Chunk             |    11 |     5 ||    16
Armor: Scale mail        |   130 |    19 ||   149
       Skin              |       |     1 ||     1
Dodge: Dodged            |   143 |    16 ||   159

Table legend:
 A = Turns spent in this place as a percentage of turns spent in the entire game.
 B = Non-inter-level travel turns spent in this place as a percentage of non-inter-level travel turns spent in the entire game.
 C = Inter-level travel turns spent in this place as a percentage of turns spent in this place.
 D = Turns resting spent in this place as a percentage of non-inter-level travel turns spent in this place.
 E = Turns spent auto-exploring this place as a percentage of non-inter-level travel turns spent in this place.
 F = Non-inter-level travel turns spent in this place divided by the number of levels of this place that you've seen.
                   A       B       C       D       E      F
               +-------+-------+-------+-------+-------+----------------------
         Total | 100.0 | 100.0 |   0.3 |   5.2 |   6.5 | 356.5
       Dungeon | 100.0 | 100.0 |   0.3 |   5.2 |   6.5 | 356.5
               +-------+-------+-------+-------+-------+----------------------

Vault maps used:
D:1:      eino_arrival_cavern_a, hangedman_glass_teeth
D:2:      lemuel_coloured_pillars_altar, serial_curves, eino_curves_03,
          eino_curves_04, uniq_natasha
